 Dungeon Crawl Stone Soup version 0.20.2-3-g29329e0561 (webtiles) character file.

119 Alfie the Skirmisher (level 5, 0/47 HPs)
             Began as a Hill Orc Fighter on Nov 28, 2023.
             Slain by an orc priest
             ... wielding a +0 whip
              (2 damage)
             ... on level 3 of the Dungeon.
             The game lasted 00:04:01 (1512 turns).

Alfie the Skirmisher (Hill Orc Fighter)             Turns: 1512, Time: 00:04:02

Health: 0/47       AC:  8    Str: 20    XL:     5   Next: 3%
Magic:  5/5        EV:  7    Int:  8    God:
Gold:   147        SH:  9    Dex: 10    Spells: 4/4 levels left

rFire    . . .     SeeInvis .   a - +0 rapier
rCold    . . .     Gourm    .   c - +0 shield
rNeg     . . .     Faith    .   b - +0 scale mail
rPois    .         Spirit   .   (no helmet)
rElec    .         Reflect  .   h - scarf {cloud immunity}
rCorr    .         Harm     .   m - +0 pair of gloves
MR       .....                  (no boots)
Stlth    ..........             (no amulet)
Regen    0.2/turn               (no ring)
MPRegen  0.1/turn               (no ring)

@: no status effects
A: no striking features
a: Convert to Beogh


You were on level 3 of the Dungeon.
You were not hungry.

You visited 1 branch of the dungeon, and saw 3 of its levels.

You collected 147 gold pieces.

Inventory:

Hand Weapons
 a - a +0 rapier (weapon)
Armour
 b - a +0 scale mail (worn)
 c - a +0 shield (worn)
 h - a scarf of cloud immunity (worn)
 m - a +0 pair of gloves (worn)
Scrolls
 e - a scroll of blinking
 g - a scroll of magic mapping {unknown}
 i - a scroll of immolation
 j - a scroll of identify {unknown}
 k - a scroll of recharging
 q - a scroll of remove curse
 s - a scroll of fear {unknown}
 t - a scroll of enchant weapon {unknown}
 v - a scroll of teleportation {unknown}
Potions
 d - 2 potions of might
 l - a potion of heal wounds
 n - a potion of magic {unknown}
 o - a potion of agility {unknown}
 r - a potion of berserk rage {unknown}
 u - a potion of curing {unknown}
Comestibles
 f - 2 bread rations
 p - 2 meat rations


   Skills:
 + Level 4.3 Fighting
 + Level 3.6 Short Blades
 + Level 3.9 Armour
 + Level 0.5 Dodging
 + Level 3.6 Shields


You had 4 spell levels left.
You didn't know any spells.

Dungeon Overview and Level Annotations

Branches:
Dungeon (3/15)

Altars:
Cheibriados
Elyvilon
Trog


Message History

The orc priest hits you but does no damage.
You closely miss the orc priest.
The orc priest threatens, "By the altar or by the axe, you will meet Beogh!"
The orc priest is severely wounded.
The orc priest hits you but does no damage.
You hit the orc priest but do no damage.
The orc priest is severely wounded.
The orc priest calls down the wrath of Beogh upon you.
Beogh smites you!
* * * LOW HITPOINT WARNING * * *
You closely miss the orc priest.
The orc priest is severely wounded.
The orc priest calls down the wrath of Beogh upon you.
Beogh smites you!
* * * LOW HITPOINT WARNING * * *
You completely miss the orc priest.
The orc priest is severely wounded.
The orc priest threatens, "By the altar or by the axe, you will meet Beogh!"
The orc priest hits you with a whip.
You die...

#########.#.#.#>.#.###.<##.#..###
##.##.#..#.###..##.#..###
####....................
##.....#######.###### #####.....#
#...# #.........# #...#
#######.###.....# #...# #.....#.#
#..o..######...#####
####.....#.#####@####...........#
..##.............................
..##.....##.#####...#.>.........#
..##.....##.# #)#.#####...#####
..#########.# #.#.# #.[.# ..# #.#
#.#.# #...# ..#
#.#####.#.#####...# ..#
#....[.......)....# #.#
#####.####.#####...#


You could see an orc priest.

Vanquished Creatures
  A worker ant (D:3)
  2 adders
  2 worms
  3 dart slugs
  6 orcs (D:3)
  A ball python (D:2)
  7 bats
  5 giant cockroaches
  7 goblins
  8 hobgoblins
  6 frilled lizards
  5 kobolds
  5 rats
58 creatures vanquished.

Notes
Turn   | Place    | Note
-------+----------+-------------------------------------------
     0 | D:1      | Alfie the Hill Orc Fighter began the quest for the Orb.
     0 | D:1      | Reached XP level 1. HP: 19/19 MP: 1/1
   128 | D:1      | Reached XP level 2. HP: 25/27 MP: 2/2
   206 | D:1      | Reached skill level 4 in Fighting
   681 | D:1      | Reached XP level 3. HP: 33/33 MP: 3/3
   916 | D:2      | Found a white marble altar of Elyvilon.
   976 | D:2      | You fall through a shaft!
   990 | D:3      | Reached XP level 4. HP: 9/40 MP: 4/4
  1367 | D:3      | Found a bloodstained altar of Trog.
  1368 | D:3      | Found a snail-covered altar of Cheibriados.
  1488 | D:3      | Reached XP level 5. HP: 47/47 MP: 5/5
  1511 | D:3      | HP: 2/47 [orc priest/divine providence (11)]
  1512 | D:3      | Slain by an orc priest

Skill      XL: |  1  2  3 |
---------------+----------+-----
Fighting       | 4 |  4.3
Short Blades   | 3 |  3.6
Armour         | |  3.9
Dodging        | |  0.5
Shields        | |  3.6

Action                   |  1- 3 |  4- 6 || total
-------------------------+-------+-------++-------
Melee: Rapier            |   128 |    88 ||   216
  Use: Scroll            |     3 |     1 ||     4
       Potion            |       |     1 ||     1
  Eat: Chunk             |       |     2 ||     2
Armor: Scale mail        |    60 |    45 ||   105
Dodge: Dodged            |    36 |    22 ||    58
Block: Shield            |    60 |    41 ||   101
